Map: Reclamation LE

Players

Ekelpack

  • Race: Zerg Zerg
  • Spawn Location: 11:00

Nyck

  • Race: Terran Terran
  • Spawn Location: 12:00

Stumpilu

  • Race: Zerg Zerg
  • Spawn Location: 6:00

Pingu

  • Race: Terran Terran
  • Spawn Location: 5:00

VOD

Have the link to the VOD?

Description

Time

  • Played on: Jan. 29, 2025, 2:40 p.m.
  • Length: 4:01
Show
View Real Time Build Order
Export as new Build Order

Ekelpack Zerg 

Build Orders: Hatch First 

Get SALT Encoding   

  12  0:00  Drone  
  13  0:12  Overlord  
  13  0:16  Drone  
  14  0:30  Drone x2  
  14  0:34  Drone  
  17  0:45  Drone  
  18  0:57  Hatchery  
  18  0:58  Drone  
  18  1:02  Extractor  
  17  1:14  Spawning Pool  
  17  1:16  Drone  
  17  1:19  Drone  
  18  1:28  Drone  
  19  1:38  Drone  
  20  1:50  Drone  
  21  2:06  Overlord  
  21  2:08  Queen x2  
  21  2:10  Drone  
  26  2:15  Metabolic Boost  
  26  2:20  Drone  
  27  2:23  Drone  
  27  2:27  Extractor  
  27  2:30  Drone x2  
  27  2:34  Drone  
  30  2:42  Drone  
  31  2:45  Drone  
  32  2:52  Lair  
  32  2:54  Zergling x4  
  34  3:05  Zergling x2  
  34  3:06  Zergling x2  
  36  3:21  Overlord x2  
  36  3:27  Drone, Extractor  
  36  3:29  Extractor  
  36  3:31  Drone  
  35  3:37  Zergling x2  
Show
View Real Time Build Order
Export as new Build Order

Nyck Terran 

Build Orders: Reaper Expand 

Get SALT Encoding   

  12  0:00  SCV  
  13  0:12  SCV  
  14  0:18  Supply Depot  
  14  0:25  SCV  
  15  0:40  SCV  
  15  0:42  Barracks  
  16  0:49  Refinery  
  16  0:52  SCV  
  17  1:04  SCV  
  18  1:17  SCV  
  19  1:23  Refinery  
  19  1:31  Supply Depot  
  19  1:32  Reaper  
  19  1:34  Orbital Command  
  20  2:00  Command Center  
  20  2:05  SCV  
  20  2:07  Marine  
  22  2:17  SCV  
  23  2:28  Marine  
  25  2:30  SCV  
  25  3:09  Marine  
  26  3:14  SCV  
  26  3:28  SCV, Bunker  
  26  3:30  Marine  
  26  3:33  Orbital Command  
  28  3:40  SCV  
Show
View Real Time Build Order
Export as new Build Order

Stumpilu Zerg 

Build Orders: Hatch First 

Get SALT Encoding   

  12  0:01  Drone  
  13  0:13  Overlord  
  13  0:18  Drone  
  14  0:31  Drone x2  
  16  0:36  Drone  
  17  0:54  Hatchery  
  17  0:55  Drone  
  17  0:59  Drone  
  18  1:06  Extractor  
  17  1:14  Spawning Pool  
  17  1:17  Drone  
  17  1:36  Hatchery  
  16  1:46  Overlord  
  16  1:57  Drone x3  
  19  2:14  Zergling x4  
  21  2:20  Metabolic Boost  
  21  2:26  Zergling x4  
  23  2:43  Queen  
  24  2:56  Queen  
  24  2:58  Zergling x10  
  31  3:06  Baneling Nest  
  30  3:16  Zergling x6  
  33  3:21  Zergling x2  
  34  3:29  Zergling x2  
  34  3:30  Zergling x2  
Show
View Real Time Build Order
Export as new Build Order

Pingu Terran 

Build Orders:  

Get SALT Encoding   

  12  0:00  SCV  
  13  0:12  SCV  
  14  0:25  SCV  
  14  0:28  Supply Depot  
  16  0:51  Barracks  
  16  0:52  Barracks  
  16  0:56  Refinery  
  15  0:57  Refinery  
  15  1:01  SCV  
  16  1:13  SCV  
  17  1:25  SCV  
  18  1:37  SCV  
  18  1:38  Barracks Reactor  
  18  1:39  Barracks Reactor  
  19  1:43  Supply Depot  
  19  1:49  SCV  
  20  2:01  SCV  
  21  2:13  SCV  
  22  2:16  Reaper x4  
  22  2:19  Supply Depot  
  26  2:25  SCV  
  27  2:39  Refinery  
  27  2:52  Reaper x2  
  27  2:53  Reaper x2  
  31  3:03  SCV  
  31  3:04  Barracks  
  32  3:15  SCV  
  33  3:24  Reaper  
  33  3:25  Reaper x2  
  33  3:26  Supply Depot  
Tags
 
Add a new tag
Caveats
  • Supply blocks, unpowered buildings, or Contaminate may cause inaccurate times.
  • Supply counts are checked every 10 seconds.